 Dungeon Crawl Stone Soup version 0.31.0-11-ge490571c62 (webtiles) character file.

Game seed: 18439596511070144946

7 DoomSlayer the Shield-Bearer (level 1, -1/18 HPs)
             Began as a Demigod Fighter on Feb 10, 2024.
             Slain by a gnoll
             ... wielding a +0 spear
              (2 damage)
             ... on level 1 of the Dungeon.
             The game lasted 00:00:26 (94 turns).

DoomSlayer the Shield-Bearer (Demigod Fighter)        Turns: 94, Time: 00:00:26

Health: -1/18      AC:  3    Str: 17    XL:     1   Next: 73%
Magic:  3/3        EV: 11    Int: 10    God:
Gold:   0          SH:  4    Dex: 13    Spells: 0/0 levels left

rFire   + . .        a - +0 war axe
rCold   . . .        c - +0 buckler
rNeg    . . .        e - +1 robe {rF+}
rPois   .            (no helmet)
rElec   .            (no cloak)
rCorr   .            (no gloves)
SInv    .            (no boots)
Will    .....        (no amulet)
Stlth   +            (no ring)
HPRegen 0.23/turn    (no ring)
MPRegen 0.08/turn

%: no passive effects
@: no status effects
A: high MP 1, forlorn, divine attributes
a: no special abilities


You were on level 1 of the Dungeon.
You visited 1 branch of the dungeon, and saw 1 of its levels.

Inventory:

Hand Weapons
 a - a +0 war axe (weapon)
Armour
 b - a +0 scale mail
 c - a +0 buckler (worn)
 e - a +1 robe of fire resistance (worn)
Potions
 d - a potion of might
 f - a potion of invisibility {unknown}


   Skills:
 * Level 2.8 Fighting
 * Level 1.9 Axes
 * Level 2.8 Armour
 * Level 0.1 Dodging
 * Level 0.1 Stealth
 * Level 2.8 Shields


You couldn't memorise any spells.
You didn't know any spells.
Your spell library was empty.

Dungeon Overview and Level Annotations

Branches:
Dungeon (1/15)


Innate Abilities, Weirdness & Mutations

You have an increased reservoir of magic. (+10% MP)
You shall have no god before yourself.
Your divine heritage dramatically boosts your attributes as you level up.


Message History

f - a golden potion A giant cockroach comes into view.
The helpless giant cockroach fails to defend itself.
You slash the giant cockroach!
You kill the giant cockroach!
You see here a giant cockroach corpse.
A hobgoblin comes into view.
A goblin comes into view. It is wielding a +0 club.
The hobgoblin shouts!
The goblin shouts!
A gnoll comes into view. It is wielding a +0 spear.
The goblin attacks as it pursues you! The goblin barely misses you.
The hobgoblin hits you but does no damage.
You closely miss the goblin. You hit the hobgoblin.
The goblin hits you with a +0 club. The hobgoblin barely misses you.
You block the goblin's attack. You block the hobgoblin's attack.
You barely miss the goblin. You slash the hobgoblin!
You kill the hobgoblin!
The goblin closely misses you.
You barely miss the goblin. The goblin closely misses you.
The goblin barely misses you. The gnoll hits you but does no damage.
You hit the goblin.
You kill the goblin!
The gnoll closely misses you. The gnoll closely misses you.
Things that are here:
a +0 club; a goblin corpse The gnoll attacks as it pursues you!
The gnoll hits you from afar with a +0 spear.
The gnoll attacks as it pursues you!
The gnoll hits you from afar with a +0 spear.
The gnoll attacks as it pursues you! You block the gnoll's attack.
The gnoll closely misses you.
You hit the gnoll.
The gnoll is lightly wounded.
The gnoll hits you with a +0 spear.
* * * LOW HITPOINT WARNING * * *
The gnoll hits you with a +0 spear.
* * * LOW HITPOINT WARNING * * *
You hit the gnoll but do no damage. The gnoll hits you with a +0 spear.
You die...

###.# #.. ...# ...
#..####### #.# #..#.....#
#.# #..#.###.# #.#
####..#.# #†# #.# #
........###.### #.###.###
###...........#####........
###...#####.#...@g.)†.#####
......# #.........###
###.#.# #########.# #.#.#
#.# ##.#.# #.. #....# ###.
.#..### .# .#..######## #
............


You could see a gnoll.

Vanquished Creatures
  2 giant cockroaches (D:1)
  A goblin (D:1)
  A hobgoblin (D:1)
  A kobold (D:1)
  A ball python (D:1)
6 creatures vanquished.

Notes
Turn   | Place    | Note
-------+----------+-------------------------------------------
     0 | D:1      | DoomSlayer the Demigod Fighter began the quest for the Orb.
     0 | D:1      | Reached XP level 1. HP: 18/18 MP: 3/3
    94 | D:1      | Slain by a gnoll

Illustrated notes

Levels and vault maps discovered:
D:1:      wander_arrival_chamber, layout_loops_ring,
          ebering_ecumenical_altar_hall

Action                     || total
---------------------------++-------
  Melee: War axe           ||    10
   Stab: Sleeping          ||     1
 Armour: Robe              ||     8
  Dodge: Dodged            ||    12
  Block: Buckler           ||     4
